 Seeded DCSS version 0.30.1-11-g7821555f0a (webtiles) character file.

Game seed: 6351066067085065685 (custom seed)

11 Esekla the Magician (level 2, 0/22 HPs)
             Began as a Deep Elf Wanderer on Nov 4, 2023.
             Was an Initiate of Vehumet.
             Slain by an orc
             ... wielding a +2 vampiric dagger
              (4 damage)
             ... on level 5 of the Dungeon.
             The game lasted 00:09:39 (1095 turns).

Esekla the Magician (Deep Elf Wanderer)             Turns: 1095, Time: 00:09:39

Health: 0/22       AC: 21    Str: 11    XL:     2   Next: 13%
Magic:  4/9        EV:  2    Int: 17    God:    Vehumet [......]
Gold:   107        SH:  3    Dex: 11    Spells: 6/10 levels left

rFire   . . .        a - +1 short sword (freeze)
rCold   . . .        d - +0 buckler
rNeg    . . .        c - melded +0 robe
rPois   +            j - melded +0 helmet
rElec   .            (cloak currently unavailable)
rCorr   .            i - melded +0 pair of gloves
SInv    .            (boots currently unavailable)
Will    .....        (no amulet)
Stlth   ++           (no ring)
HPRegen 0.23/turn    (no ring)
MPRegen 0.11/turn

%: no passive effects
@: tree-form
A: stationary, stasis, torment immunity, boosted hp
a: Renounce Religion


You were on level 5 of the Dungeon.
You worshipped Vehumet.
Vehumet was noncommittal.
You were a tree.
You visited 1 branch of the dungeon, and saw 5 of its levels.

You collected 107 gold pieces.

Inventory:

Hand Weapons
 a - a +1 short sword of freezing (weapon)
Armour
 c - a +0 robe (melded)
 d - a +0 buckler (worn)
 i - a +0 pair of gloves (melded)
 j - a +0 helmet (melded)
Wands
 f - a wand of roots (9)
Scrolls
 l - a scroll of amnesia {unknown}
 m - a scroll of enchant armour {unknown}
 n - 2 scrolls of enchant weapon {unknown}
 o - a scroll of silence {unknown}
Potions
 e - a potion of ambrosia {unknown}
 g - 2 potions of curing {unknown}
 h - a potion of attraction {unknown}
 k - a potion of mutation {unknown}


   Skills:
 * Level 0.5 Dodging
 + Level 1.2 Stealth
 + Level 1.5 Shields
 * Level 4.9 Spellcasting
 * Level 0.2 Necromancy
 + Level 2.3 Translocations
 + Level 1.0 Invocations


You had 6 spell levels left.
You knew the following spells:

 Your Spells              Type           Power      Damage    Failure   Level
a - Magic Dart            Conj           16%        1d3       22%         1
b - Blink                 Tloc           24%        N/A       12%         2
p - Apportation           Tloc           24%        N/A       8%          1

Your spell library contained the following spells:

 Spells                   Type           Power      Damage    Failure   Level
 Lesser Beckoning         Tloc           24%        N/A       12%         2
 Vampiric Draining        Necr           5%         2d6       50%         3
 Ignite Poison            Fire/Tmut/Pois 4%         N/A       54%         3


Dungeon Overview and Level Annotations

Branches:
Dungeon (5/15)
 Temple: D:4-7

Altars:
Okawaru
Vehumet
Zin

Shops:
D:2 =   D:4 (


Message History

You blink.
Found a potion of lignification.
Casting: Blink (safe; 12% risk of failure)
Confirm with . or Enter, or press ? or * to list all spells.
Aiming: Magic Dart (safe; 22% risk of failure)
Press: ? - help, Shift-Dir - straight line, f - orc
Aim: an orc, wielding a +2 vampiric dagger and wearing a +0 chain mail (translocational energy, 100% to hit)
You miscast Magic Dart.
You are very lightly contaminated with residual magic.
Nothing appears to happen.
You feel stable enough to blink again.
An adder comes into view.
You see here a potion of lignification.
The adder hisses angrily.
Your magical contamination has completely faded away.
Really quaff the potion of lignification?
You turn into a tree.
Your +0 helmet melds into your body.
Your +0 pair of gloves melds into your body.
Your +0 robe melds into your body.
Your roots penetrate the ground.
Casting: Magic Dart (safe; 22% risk of failure)
Confirm with . or Enter, or press ? or * to list all spells.
Aiming: Magic Dart (safe; 22% risk of failure)
Press: ? - help, Shift-Dir - straight line, f/p - orc
Aim: an orc, wielding a +2 vampiric dagger and wearing a +0 chain mail (100% to hit)
The magic dart hits the orc but does no damage.
You barely miss the orc.
The orc hits you with a +2 vampiric dagger.
You hit the orc but do no damage. The orc hits you but does no damage.
You hit the orc but do no damage. The orc hits you but does no damage.
You barely miss the orc. The orc hits you but does no damage.
You hit the orc but do no damage. The orc completely misses you.
You hit the orc but do no damage.
The orc hits you with a +2 vampiric dagger.
* * * LOW HITPOINT WARNING * * *
You hit the orc but do no damage. The orc hits you but does no damage.
You hit the orc but do no damage.
The orc hits you with a +2 vampiric dagger.
* * * LOW HITPOINT WARNING * * *
You hit the orc but do no damage.
The orc hits you with a +2 vampiric dagger.
You die...

# .## # .. #: #.. +#
.###. .#
.....###.###..#
#.#...........# #<#
#♣# #o# #o# #.# #S#
##.#####.#####.
#....o.!.......#
.......#####.#######
.......# #.#
######## #.# #.#


You could see an adder and an orc.

Vanquished Creatures
  A dart slug (D:3)
  An endoplasm (D:3)
  A goblin (D:3)
  A hobgoblin (D:3)
  2 bats (D:3)
  A frilled lizard (D:3)
  3 kobolds
10 creatures vanquished.

Notes
Turn   | Place    | Note
-------+----------+-------------------------------------------
     0 | D:1      | Esekla the Deep Elf Wanderer began the quest for the Orb.
     0 | D:1      | Esekla set off with the following items: a +0 club, a
                  | potion of lignification, a +0 robe, a +0 buckler; and the
                  | following spells available to memorise: Apportation, Blink,
                  | Lesser Beckoning, Magic Dart, Ignite Poison, Vampiric
                  | Draining.
     0 | D:1      | Reached XP level 1. HP: 10/10 MP: 7/7
     7 | D:1      | Learned a level 1 spell: Magic Dart
     9 | D:1      | Learned a level 1 spell: Apportation
   250 | D:2      | Found Renulab's Jewellery Shop.
   435 | D:4      | Found a radiant altar of Vehumet.
   443 | D:4      | Found an iron altar of Okawaru.
   454 | D:4      | Found a glowing silver altar of Zin.
   536 | D:4      | Became a worshipper of Vehumet
   791 | D:3      | Reached XP level 2. HP: 15/15 MP: 5/9
   794 | D:3      | Learned a level 2 spell: Blink
   903 | D:4      | Found Ponaysk's Antique Weapon Boutique.
  1071 | D:5      | Entered Level 5 of the Dungeon
  1095 | D:5      | Slain by an orc

Illustrated notes

Levels and vault maps discovered:
D:1:      sevenhm_arrival_forest_fort_small_3, layout_rooms,
          chequers_serial_rivers_room_b, minmay_misc_feat_five
D:2:      layout_loops_ring, dreamdust_ecumenical_altar_angels_and_demons,
          serial_shops, shop
D:3:      layout_basic, grunt_temple_overflow_open, minmay_misc_feat_iff
D:4:      layout_basic, nicolae_overflow_quartered_altars, serial_shops,
          nicolae_diamond_shop
D:5:      layout_loops_ring, lemuel_doored_altar, minmay_misc_feat_rows,
          dreamdust_wishing_well

Action                     || total
---------------------------++-------
  Melee: Short sword       ||    18
   Cast: Magic Dart        ||    26
         Apportation       ||    22
         Blink             ||     1
    Use: Scroll            ||     1
         Potion            ||     1
 Armour: Robe              ||     7
         Skin              ||     4
  Dodge: Dodged            ||    34
  Block: Buckler           ||     6
